Map: Terrasses de Prion

Players

pupu - Winner!

  • Race: Protoss Protoss
  • League: Silver

Phippi

  • Race: Terran Terran
  • League: Silver

VOD

Have the link to the VOD?

Description

Time

  • Played on: April 12, 2016, 12:47 p.m.
  • Length: 8:27
Show
View Real Time Build Order
Export as new Build Order

pupu Protoss - Winner!

Build Orders: Nexus First 

Get SALT Encoding   

  12  0:01  Probe (Chrono Boost)  
  13  0:12  Probe (Chrono Boost)  
  14  0:18  Pylon  
  14  0:22  Probe (Chrono Boost)  
  15  0:36  Probe (Chrono Boost)  
  16  0:57  Nexus  
  16  1:07  Gateway  
  16  1:10  Probe (Chrono Boost)  
  17  1:18  Assimilator  
  17  1:20  Probe (Chrono Boost)  
  18  1:27  Assimilator  
  18  1:31  Probe (Chrono Boost)  
  19  1:41  Probe (Chrono Boost)  
  20  1:52  Probe (Chrono Boost)  
  21  1:55  Cybernetics Core  
  21  1:59  Pylon  
  21  2:02  Probe (Chrono Boost)  
  22  2:11  Probe (Chrono Boost)  
  22  2:13  Probe (Chrono Boost)  
  24  2:22  Probe (Chrono Boost)  
  25  2:25  Probe (Chrono Boost)  
  26  2:31  Warp Gate (Chrono Boost)  
  26  2:33  Twilight Council, Probe (Chrono Boost)  
  26  2:35  Probe (Chrono Boost)  
  28  2:43  Probe  
  28  2:44  Stalker  
  30  2:48  Probe  
  32  2:56  Probe, Robotics Facility  
  33  3:02  Probe  
  34  3:06  Pylon  
  34  3:14  Probe x2, Assimilator  
  34  3:19  Charge (Chrono Boost)  
  36  3:26  Probe  
  36  3:27  Probe  
  38  3:37  Gateway  
  38  3:39  Probe, Gateway  
  38  3:40  Probe  
  40  3:42  Gateway  
  40  3:51  Probe  
  40  3:52  Probe, Pylon  
  40  3:55  Pylon  
  42  4:00  Warp Prism  
  44  4:04  Mothership Core  
  48  4:11  Probe  
  49  4:23  Probe  
  50  4:27  Pylon  
  48  4:33  Probe  
  49  4:40  Stalker x4  
  57  5:05  Zealot x4  
  60  5:26  Zealot x2  
  60  5:27  Zealot x2  
  64  5:42  Probe x2  
  66  5:47  Gateway  
  66  5:49  Gateway  
  66  5:51  Gateway  
  66  5:55  Gateway  
  66  5:56  Pylon  
  66  5:59  Pylon  
  66  6:03  Pylon  
  60  6:07  Stalker  
  62  6:19  Zealot x2  
  62  6:20  Zealot  
  68  6:28  Probe x2  
  68  6:32  Zealot  
  64  6:59  Pylon  
  64  7:00  Pylon  
  64  7:03  Pylon  
  64  7:04  Pylon  
  64  7:15  Zealot x5  
  70  7:16  Zealot x2  
  70  7:17  Zealot  
  68  7:45  Probe x2  
  68  7:46  Zealot x2  
  68  7:47  Zealot x6  
  86  8:08  Zealot x3  
  86  8:09  Zealot x5  
Show
View Real Time Build Order
Export as new Build Order

Phippi Terran 

Build Orders: MMM Bio 

Get SALT Encoding   

  12  0:01  SCV  
  13  0:13  SCV  
  14  0:20  Supply Depot  
  14  0:27  SCV  
  15  0:31  Refinery  
  15  0:41  SCV  
  16  0:45  Barracks  
  16  0:53  SCV  
  17  1:00  Refinery  
  17  1:19  SCV  
  18  1:32  Barracks  
  18  1:34  Barracks  
  18  1:46  Supply Depot  
  18  1:50  SCV  
  19  1:55  Reaper  
  20  2:23  Barracks Tech Lab  
  20  2:25  Barracks Tech Lab  
  20  2:27  SCV  
  21  2:39  SCV  
  22  2:44  Combat Shields  
  22  2:46  Stimpack  
  22  2:51  Marine x2  
  24  2:59  Orbital Command  
  24  3:10  Barracks Reactor  
  24  3:14  Supply Depot  
  24  3:35  Marauder  
  24  3:38  Marauder  
  28  3:47  SCV  
  29  3:52  Marine x2  
  31  3:56  Marauder  
  31  3:59  SCV  
  31  4:00  Marauder  
  36  4:14  SCV  
  37  4:17  Marauder  
  37  4:20  Supply Depot  
  39  4:31  Marauder, SCV  
  42  4:36  Marine x2  
  44  4:39  Marauder  
  46  4:52  Marauder  
  48  5:04  Marauder, Marine x2  
  52  5:14  Marauder  
  53  5:22  Marine x2  
  53  5:31  Marauder  
  55  5:39  Factory  
  55  5:41  Supply Depot  
  55  5:42  Marine x2  
  59  5:43  Marauder  
  53  6:09  Marauder x2, Marine x2  
  57  6:17  SCV  
  58  6:25  Starport  
  58  6:27  Marine  
  58  6:29  SCV  
  60  6:33  Engineering Bay  
  60  6:41  SCV  
  53  6:54  Marauder x2, Marine x2  
  57  7:01  Factory Reactor  
  59  7:11  Marine  
  59  7:12  Medivac  
  59  7:15  Marauder  
  33  7:37  Supply Depot  
  33  7:52  Command Center  
  32  8:07  Marine x2  
  38  8:20  Bunker  
Tags
 
Add a new tag
Caveats
  • Supply blocks, unpowered buildings, or Contaminate may cause inaccurate times.
  • Supply counts are checked every 10 seconds.